[Event "Late-Titled-Tuesday-Blitz-December-26-2023"]
[Site "Chess.com"]
[Date "2023.12.26"]
[Round "1"]
[White "AsaHoffmann"]
[Black "carokannlover213"]
[Result "0-1"]
[WhiteElo "2366"]
[BlackElo "2675"]
[TimeControl "180+1"]
[EndTime "14:08:54 PST"]
[Termination "carokannlover213 won by resignation"]

1. d4 g6 2. e4 Bg7 3. Be3 c6 4. Qd2 d5 5. Nc3 dxe4 6. Nxe4 Nf6 7. Nxf6+ exf6 8. O-O-O O-O 9. Bh6 Be6 10. Kb1 a5 11. h4 Qd5 12. b3 a4 13. Bc4 Qxg2 14. Bxg7 Kxg7 15. Ne2 axb3 16. Bxb3 Bxb3 17. axb3 Qd5 18. Kb2 Nd7 19. h5 Qa5 20. Qxa5 Rxa5 21. h6+ Kg8 22.
Nc3 Re8 23. Rde1 Kf8 24. Ne4 Re6 25. b4 Rf5 26. Nc5 Nxc5 27. bxc5 Ke7 28. Ra1 Kd7 29.
Ra8 Re8 30. Ra7 Kc7 31. Rh3 Kb8 32. Raa3 Rxf2 33. Rhe3 Rxe3 34. Rxe3 Rh2 35. Re7 Rxh6 36.
Rxf7 f5 37. c4 Rh3 38. d5 Rd3 39. Kc2 Rd4 40. Kc3 Rd1 41. Kc2 Re1 42. d6 Re8 43. Rxh7 Rg8 44. Kd3 g5 45. Ke3 g4 46.
Kf2 g3+ 47. Kg2 Kc8 48. Rf7 Rg4 49. Rxf5 Rxc4 50. Rf8+ Kd7 51. Rf7+ Ke6 52. Re7+ Kf6 53. Rxb7 Rxc5 54. d7 Ke7 55. Kxg3 Rf5 56. Kg4 Rf8 57. Kg5 Kd6 58. Kg6 c5 59. Kg7 Rd8 60. Rb6+ Kd5 61. Rb7 Kc6 62. Rb1 Rxd7+ 63. Kf6 Rd5 64. Ke6 Rh5 65.
Rb8 c4 66. Rc8+ Kb5 67. Rb8+ Kc5 68. Rc8+ Kd4 69. Kf6 Rd5 70. Ke6 Re5+ 71. Kd6 Re4 72. Rc6 Kd3 73. Kd5 Rd4+ 74. Ke5 c3 75. Rc5 Re4+ 76.
Kd5 Rh4 77. Rc8 c2 78. Rc7 Kd2 79. Rc4 Rh5+ 80. Ke6 c1=Q 81. Rd4+ Kc2 82. Rc4+ Kb1 83. Rxc1+ Kxc1 0-1

[Event "Late-Titled-Tuesday-Blitz-December-26-2023"]
[Site "Chess.com"]
[Date "2023.12.26"]
[Round "1"]
[White "bazar-wokzal"]
[Black "Veleamater"]
[Result "1-0"]
[WhiteElo "2661"]
[BlackElo "2352"]
[TimeControl "180+1"]
[EndTime "14:08:57 PST"]
[Termination "bazar-wokzal won by resignation"]

1. e4 d6 2. f4 g6 3. Nc3 Bg7 4. Nf3 Nf6 5. e5 Nfd7 6. d4 Nb6 7. Bd3 O-O 8. h4 c5 9. dxc5 dxc5 10. h5 Bg4 11. hxg6 fxg6 12. Rxh7 c4 13. Bxg6 Qxd1+ 14. Nxd1 Nc6 15. Nf2 Bf5 16. Bxf5 Rxf5 17. Rh4 Raf8 18. Bd2 Nd5 19. g3 b5 20. O-O-O b4 21. Rdh1 c3 22. Be1 cxb2+ 23. Kxb2 Nxe5 24. Nxe5 Bxe5+ 25. fxe5 Rxe5 26. Rg4+ Kf7 27. Nd3 Re2 28. Rf1+ Ke8 29. Rxf8+ Kxf8 30. Bxb4 Ne3 31. Rf4+ Kg7 32. Kb3 Nxc2 33.
Nc1 Na1+ 34. Ka4 Rc2 35. Nd3 Rxa2+ 36. Kb5 a6+ 37. Kb6 e6 38. Bc3+ Kg6 39. Rf6+ Kh5 40. Nf4+ Kg4 41. Rg6+ Kf3 42. Nxe6 Nc2 43. Nd4+ Nxd4 44.
Bxd4 a5 45. Kb5 a4 46. Kb4 a3 47. Kb3 Rd2 48. Be5 Rd3+ 49. Ka2 Ke4 50. Bf4 Kf5 51.
Rb6 Kg4 52. Rb3 Rd5 53. Kxa3 Ra5+ 54. Kb4 Ra8 55. Re3 Kf5 56. Kc4 Kf6 57. Kd5 Ra4 58. Rb3 Ra5+ 59. Ke4 Ra4+ 60. Kf3 Kf5 61. Rb5+ Ke6 62. g4 Ra1 63. Be3 Rf1+ 64. Ke4 Kf6 65.
Rb6+ Kf7 66. g5 Kg7 67. Bf4 Rg1 68. Kf5 Rd1 69. Rb7+ Kf8 70. g6 Rd5+ 71. Kf6 Rd8 72. Bh6+ Kg8 73. Bf4 Rf8+ 74. Kg5 Re8 75. Rf7 Re4 76. Rd7 Re8 77. Bd2 Re5+ 78. Kf6 Re8 79. Bb4 Rb8 80. Bd6 Re8 81. Be7 Rc8 82. Rd8+ Rxd8 83. Bxd8 1-0

[Event "Late-Titled-Tuesday-Blitz-December-26-2023"]
[Site "Chess.com"]
[Date "2023.12.26"]
[Round "1"]
[White "GoValya"]
[Black "Camilla_Lee"]
[Result "1/2-1/2"]
[WhiteElo "2319"]
[BlackElo "2605"]
[TimeControl "180+1"]
[EndTime "14:09:02 PST"]
[Termination "Game drawn by repetition"]

1. d4 d5 2. c4 c6 3. Nf3 Nf6 4. Nc3 dxc4 5. a4 e6 6. e3 c5 7. Bxc4 cxd4 8. exd4 Nc6 9. O-O Be7 10. Bf4 O-O 11. Nb5 a6 12. Nc7 Ra7 13. d5 exd5 14. Nxd5 Nxd5 15. Bxd5 Bf5 16. Qb3 Bf6 17. Rad1 Qa5 18.
Be3 Raa8 19. Qxb7 Nb4 20. Bxf7+ Kh8 21. Bb3 Rab8 22. Qa7 Nc6 23. Qc5 Qxc5 24. Bxc5 Rfc8 25. Bd5 Bxb2 26. Ng5 h6 27. Nf7+ Kh7 28. Nd6 Ne5 29. Nxc8 Rxc8 30. Bd4 Bxd4 31. Rxd4 Nd3 32. Be4 Bxe4 33.
Rxe4 Rc2 34. Rd4 Nc5 35. h3 Ra2 36. Rc1 Nxa4 37. Rc7 Nb6 38. Rd6 Rb2 39. Rb7 Nc4 40.
Rxb2 Nxd6 41. Ra2 Ne4 42. Rxa6 Nf6 43. Rb6 Nd5 44. Rd6 Nf4 45. Kh2 Ne2 46. Re6 Nd4 47. Re4 Nf5 48. g4 Nd6 49. Re6 Nf7 50. Kg3 Ng5 51. Ra6 Ne4+ 52. Kf3 Nd2+ 53. Ke3 Nc4+ 54. Kf4 Nb2 55. Rc6 Nd3+ 56. Ke3 Ne5 57. Rc5 Nd7 58.
Rd5 Nf6 59. Rf5 Kg6 60. f4 Nd7 61. Ke4 Nf6+ 62. Ke5 Nd7+ 63. Ke6 Nb6 64. Rb5 Nc4 65. Rc5 Ne3 66. f5+ Kh7 67. Rc7 Kg8 68. Rc8+ Kh7 69. f6 gxf6 70. Kxf6 Nd5+ 71. Ke5 Ne3 72. Rc7+ Kg6 73.
Rc6+ Kg5 74. Rc8 Kh4 75. Rh8 Kxh3 76. Rxh6+ Kxg4 77. Re6 Kf3 78. Rf6+ Ke2 79. Rf4 Nc2 80. Ke4 Kd2 81. Rf3 Ne1 82. Re3 Nc2 83. Rf3 Ke2 84.
Rh3 Kd2 85. Rh2+ Kc3 86. Rh3+ Kd2 87. Rh2+ Kc3 88. Rh3+ Kd2 1/2-1/2

[Event "Late-Titled-Tuesday-Blitz-December-26-2023"]
[Site "Chess.com"]
[Date "2023.12.26"]
[Round "1"]
[White "Skatchkov_V"]
[Black "elchacal664"]
[Result "1/2-1/2"]
[WhiteElo "2576"]
[BlackElo "2283"]
[TimeControl "180+1"]
[EndTime "14:09:13 PST"]
[Termination "Game drawn by repetition"]

1. d4 Nf6 2. c4 d6 3. Nf3 g6 4. Nc3 Bg7 5. g3 O-O 6. Bg2 c6 7. O-O Qa5 8. h3 Qa6 9. b3 d5 10. cxd5 cxd5 11. a4 Nc6 12. Nb5 Ne8 13. Ba3 Qb6 14.
Bc5 Qd8 15. Rc1 a6 16. Nc3 h6 17. Ne5 Nc7 18. Bb6 e6 19. Nxc6 bxc6 20. a5 Qd7 21.
Na4 Nb5 22. e3 Qe8 23. Qc2 Bd7 24. Bc5 h5 25. Nb6 Rb8 26. Bxf8 Bxf8 27. Nxd7 Qxd7 28. Qxc6 Qa7 29. h4 Be7 30. Rc2 g5 31. hxg5 Bxg5 32. Bf3 h4 33. gxh4 Bxh4 34. Kg2 Qe7 35.
Rg1 Kf8 36. Qc5 Nd6 37. Rc3 Rd8 38. Kf1 Qf6 39. Ke2 Qf5 40. Qc7 Be7 41. Rc6 Rc8 42.
Qd7 Rd8 43. Rg8+ Kxg8 44. Qxe7 Re8 45. Qxd6 Kg7 46. Rc1 Kf6 47. Rg1 Qc2+ 48. Kf1 Qc1+ 49. Ke2 Qxg1 50. Qc6 Ke7 51. Qc7+ Kf8 52. Qd6+ Re7 53.
Qxa6 Re8 54. Qd6+ Kg7 55. a6 Qg5 56. Qg3 Qxg3 57. fxg3 Ra8 58. Kd3 Rxa6 59. Kc3 Rb6 60. b4 Rc6+ 61. Kb3 Rc1 62. b5 Re1 63. Kb4 Rxe3 64.
Bd1 Rd3 65. Bb3 Rxd4+ 66. Kc5 Rd3 67. Kb4 Rxg3 68. b6 Rg4+ 69. Kb5 Kf6 70. b7 Rg8 71. Kc6 Rb8 72. Kc7 Rxb7+ 73. Kxb7 Ke5 74. Kc6 f5 75. Kc5 f4 76. Kb4 Kd4 77. Bd1 e5 78. Kb3 e4 79.
Kc2 Ke3 80. Bh5 d4 81. Kd1 d3 82. Ke1 Kd4 83. Kd2 e3+ 84. Kd1 Kc3 85. Bf3 Kd4 86. Bh5 Ke5 87. Bg6 Kd4 88. Bh5 1/2-1/2

[Event "Late-Titled-Tuesday-Blitz-December-26-2023"]
[Site "Chess.com"]
[Date "2023.12.26"]
[Round "1"]
[White "seasidesunset"]
[Black "Anar_Aliakbarov"]
[Result "1-0"]
[WhiteElo "2228"]
[BlackElo "2534"]
[TimeControl "180+1"]
[EndTime "14:09:15 PST"]
[Termination "seasidesunset won by checkmate"]

1. e4 e5 2. Nf3 Nc6 3. Bb5 a6 4.
Ba4 Nf6 5. O-O Be7 6. d3 b5 7. Bb3 O-O 8. c3 d6 9. a4 Rb8 10. h3 h6 11. Be3 Be6 12. Bxe6 fxe6 13. axb5 axb5 14. d4 Nxe4 15. d5 Qd7 16. dxc6 Qxc6 17.
Nbd2 Nf6 18. Qe2 b4 19. Nh4 Qe8 20. Ra7 Bd8 21. c4 Nd7 22. Qg4 Nf6 23. Qg6 Qxg6 24. Nxg6 Re8 25. c5 Kf7 26. cxd6 Kxg6 27. dxc7 Bxc7 28.
Rxc7 Nd5 29. Rcc1 Ra8 30. Ne4 Ra2 31. b3 Rb2 32. Rb1 Rc2 33. Rfc1 Ra2 34. Ra1 Rb2 35. Rcb1 Rc2 36. Kf1 Rf8 37. Kg1 Rfc8 38. Rc1 Kf5 39.
Rxc2 Rxc2 40. Ng3+ Kg6 41. Re1 Nc3 42. Bc5 Na2 43. Bd6 e4 44. Nxe4 Rb2 45. Nc5 Rc2 46. Rxe6+ Kf7 47. Re7+ Kf6 48. Ne4+ Kf5 49. f3 Kg6 50.
Re6+ Kh7 51. Re7 Rc1+ 52. Kh2 Kg6 53. Re6+ Kf7 54. Re7+ Kg6 55. Rb7 Rb1 56. Bxb4 Rxb3 57. Rb6+ Kh7 58. Bc5 Rd3 59. Rd6 Rc3 60. Rd7 Rc4 61.
Bf8 Kg6 62. Rxg7+ Kf5 63. Rf7+ Ke6 64. Rf6+ Ke5 65. Bd6+ Kd5 66. Rf5+ Ke6 67. Re5+ Kf7 68. Re7+ Kg6 69. h4 Rc2 70. Kg3 Nc1 71. Kg4 h5+ 72. Kf4 Ne2+ 73. Ke3 Nc1 74. f4 Rxg2 75. Ng5 Re2+ 76.
Kf3 Rd2 77. Re6+ Kf5 78. Re5+ Kg6 79. Be7 Rd4 80. Re6+ Kg7 81. Bf6+ Kg6 82. Bxd4+ Kf5 83. Rf6# 1-0

[Event "Late-Titled-Tuesday-Blitz-December-26-2023"]
[Site "Chess.com"]
[Date "2023.12.26"]
[Round "1"]
[White "RamyresCoelho"]
[Black "Manukyan_Artak"]
[Result "0-1"]
[WhiteElo "2294"]
[BlackElo "2599"]
[TimeControl "180+1"]
[EndTime "14:09:21 PST"]
[Termination "Manukyan_Artak won by checkmate"]

1. e4 c6 2. d4 d5 3. Nc3 dxe4 4. Nxe4 Nf6 5. Nxf6+ exf6 6. Nf3 Bd6 7. Bd3 O-O 8.
O-O Bg4 9. h3 Bh5 10. c3 Nd7 11.
Be3 Re8 12. Be2 Qc7 13. Nd2 Bxe2 14. Qxe2 Bf4 15. Qf3 Bxe3 16. fxe3 Nf8 17. Rae1 Qa5 18. a3 Qb5 19. b4 Qd3 20. Rf2 Qxc3 21. Ree2 Qxa3 22.
Ne4 Qxb4 23. Ng3 a5 24. Qg4 Qb1+ 25. Kh2 Qg6 26. Qf3 a4 27. Nf5 a3 28. d5 cxd5 29. Qxd5 Ne6 30. Qxb7 Kh8 31. Nd6 Rf8 32. Ra2 Qd3 33.
Nxf7+ Kg8 34. Rfd2 Qxe3 35. Re2 Qf4+ 36. g3 Qc7 37. Qxc7 Nxc7 38. Nd6 Nd5 39. Ra1 Rfd8 40. Nb5 Rdb8 41. Nxa3 Rb3 42. Rea2 Nc3 43. Rc2 Raxa3 44.
Rac1 Kf7 45. Rd2 Kg6 46. Rd4 Ne2 47. Rg4+ Kf7 48. Rg1 Ke6 49. Re4+ Kd5 50. Rxe2 Re3 51. Rgg2 Rxe2 52. Rxe2 g5 53. Rd2+ Ke6 54. Rf2 Kf7 55.
Re2 Kg6 56. Rb2 h5 57. Rf2 Ra4 58. Kg2 h4 59. gxh4 Rxh4 60. Kg3 Re4 61. Rf3 Kf7 62.
Ra3 Ke6 63. Ra6+ Kf5 64. Ra5+ Re5 65. Ra6 Rc5 66. Ra3 Rc4 67. Rf3+ Kg6 68. Rb3 Rf4 69.
Rc3 Rd4 70. Re3 Kf5 71. Rf3+ Ke5 72. Rb3 Ke4 73. Ra3 Rd3+ 74. Rxd3 Kxd3 75. h4 gxh4+ 76. Kxh4 Ke4 77. Kg3 f5 78. Kf2 Kf4 79. Ke2 Kg3 80. Ke3 f4+ 81. Ke2 Kg2 82. Ke1 f3 83. Kd1 f2 84.
Ke2 f1=Q+ 85. Ke3 Qf3+ 86. Kd2 Qe4 87. Kd1 Kf3 88. Kd2 Qe2+ 89. Kc3 Qd1 90. Kb2 Ke4 91. Kc3 Qd3+ 92. Kb2 Qc4 93. Kb1 Kd3 94. Kb2 Qc2+ 95.
Ka3 Qb1 96. Ka4 Kc4 97. Ka3 Qb3# 0-1

[Event "Late-Titled-Tuesday-Blitz-December-26-2023"]
[Site "Chess.com"]
[Date "2023.12.26"]
[Round "1"]
[White "axlbvRR"]
[Black "YouShallNotPass001"]
[Result "0-1"]
[WhiteElo "1950"]
[BlackElo "2513"]
[TimeControl "180+1"]
[EndTime "14:09:48 PST"]
[Termination "YouShallNotPass001 won by resignation"]

1. e4 e6 2. d4 d5 3. Nc3 Bb4 4.
exd5 exd5 5. Bd3 Nf6 6. Nf3 h6 7. O-O O-O 8. Bf4 Bg4 9. Be2 Bxc3 10. bxc3 Nc6 11. Ne5 Bxe2 12. Qxe2 Na5 13. Rad1 Re8 14. Qd3 Ne4 15. c4 Nxc4 16. Nxc4 dxc4 17. Qxc4 c6 18.
Rfe1 Nf6 19. Be5 Qd5 20. Qb3 Qxb3 21. axb3 Nd5 22. c4 Nb6 23. Bf4 f6 24. Kf1 Kf7 25. Bc7 Nd7 26. d5 c5 27. Bd6 a5 28. Ra1 b6 29. f3 g5 30. Kf2 f5 31. g3 g4 32.
Rxe8 Rxe8 33. Re1 Rxe1 34. Kxe1 Nf6 35. Kf2 h5 36. Bc7 Nd7 37. f4 Ke7 38. Ke3 Kf7 39. Bd6 Ke8 40. Bc7 Ke7 41. Kd3 Kf7 42. Ke3 Kg6 43.
Kd3 h4 44. Ke3 hxg3 45. hxg3 Kf7 46. Kd3 Ke7 47. Ke3 Kf7 48. Kd3 Kf8 49. Ke2 Kg8 50.
Kf2 Kf7 51. Ke3 Kg6 52. Ke2 Kf7 53. Kf2 Ke7 54. Ke3 Nf6 55. Bxb6 Kd6 56. Bxa5 Ne4 57. Be1 Nf6 58. b4 Ne4 59. bxc5+ Kxc5 60. Ke2 Kxc4 61. Ke3 Kxd5 62. Ba5 Kc4 63. Bd8 Kb3 64. Bc7 Kc2 65. Bb6 Nxg3 66. Ba5 Ne4 67. Bd8 Kd1 68. Bg5 Ke1 69.
Kd4 Kf2 70. Ke5 Ng3 71. Bh4 Kf3 72. Bxg3 Kxg3 73. Kxf5 Kh3 74. Kg5 g3 75. f5 g2 76. f6 g1=Q+ 77. Kf5 Qc5+ 78. Ke6 Qc4+ 79. Ke7 Qc7+ 80. Kf8 Qc5+ 81. Kg8 Qc8+ 82. Kg7 Qg4+ 83. Kf8 Qb4+ 84. Kg8 Qb8+ 85. Kg7 Qg3+ 86. Kh8 Qc3 87.
Kg7 Kg4 88. Kf7 Qc7+ 89. Kg8 Qc8+ 90. Kg7 Qc3 91. Kf7 Kf5 92. Kg7 Qxf6+ 93. Kh7 Qg5 94. Kh8 Kf6 0-1

[Event "Late-Titled-Tuesday-Blitz-December-26-2023"]
[Site "Chess.com"]
[Date "2023.12.26"]
[Round "1"]
[White "yosephtaher"]
[Black "Slovak_fighter2000"]
[Result "1-0"]
[WhiteElo "2918"]
[BlackElo "2490"]
[TimeControl "180+1"]
[EndTime "14:10:07 PST"]
[Termination "yosephtaher won on time"]

1. d4 Nf6 2. Nc3 d5 3. Bf4 e6 4. Nb5 Bb4+ 5. c3 Ba5 6. b4 Bb6 7. a4 a5 8. e3 O-O 9. Bd3 c6 10.
Na3 Bc7 11. Bg3 Nbd7 12. f4 Ne4 13. Ne2 axb4 14. cxb4 Qe7 15. Qb3 Ndf6 16. Bh4 Qd6 17. Nc2 b6 18. Rd1 c5 19. Bb5 c4 20. Qb2 Bd7 21. Na3 Bxb5 22. Nxb5 Qd7 23. Ra1 Bd6 24. O-O Ng4 25. Ra3 Rxa4 26. Rxa4 Qxb5 27. Rfa1 Nxe3 28.
Ra8 f6 29. Be1 h5 30. h3 Rxa8 31. Rxa8+ Kh7 32. Qa3 c3 33. Qa6 Qxa6 34. Rxa6 Nc2 35. Kf1 Nxe1 36. Kxe1 Bxb4 37. Rxb6 Ba5 38. Ra6 Bb4 39.
Kd1 Bd6 40. Kc2 Kg6 41. g4 hxg4 42. hxg4 Kf7 43. Kd3 Ke7 44. Ra7+ Kf8 45. Ke3 Bb4 46. Ra8+ Kf7 47. Rb8 Ba3 48. Rb7+ Kf8 49. Ra7 Bb2 50. Ra6 c2 51. Rc6 c1=Q+ 52. Nxc1 Bxc1+ 53. Rxc1 Nd6 54. Rc6 Ke7 55. Ra6 Nc4+ 56. Kd3 Kf7 57. f5 exf5 58. gxf5 Ke7 59. Ra7+ Kf8 60. Rd7 Nb6 61. Rd6 Nc8 62.
Rxd5 Ne7 63. Ra5 Ke8 64. Ke4 Kd7 65. Ra7+ Kd6 66. Ra1 Kd7 67. Rg1 Kd6 68. Rxg7 Nd5 69.
Rg6 Nc3+ 70. Kd3 Nd5 71. Rh6 Ke7 72. Ke4 Kd6 73. Rh8 Nc3+ 74. Kf3 Nd5 75. Kg4 Ne3+ 76. Kf4 Nd5+ 77. Ke4 Nc3+ 78. Kd3 Nd5 79. Rd8+ Kc6 80. Ra8 Kd6 81. Ra6+ Kd7 82. Ke4 Nc3+ 83. Kf3 Nd5 84. Re6 Kc7 85. Kg4 Kd7 86. Re1 Kd6 87. Kh5 Nb4 88. Kg6 Nc2 89. Re8 Nxd4 90. Rd8+ Ke5 91. Rxd4 Kxd4 92. Kxf6 1-0

[Event "Late-Titled-Tuesday-Blitz-December-26-2023"]
[Site "Chess.com"]
[Date "2023.12.26"]
[Round "1"]
[White "HajiyevKanan"]
[Black "NCchamp"]
[Result "1/2-1/2"]
[WhiteElo "2631"]
[BlackElo "2344"]
[TimeControl "180+1"]
[EndTime "14:10:17 PST"]
[Termination "Game drawn by repetition"]

1. d4 d5 2. Nf3 Nf6 3. c4 dxc4 4. e3 Bg4 5. Bxc4 e6 6. Qb3 Bxf3 7. gxf3 Nc6 8. Nc3 a6 9. Be2 Bd6 10. f4 Rb8 11. Bd2 O-O 12. O-O Nb4 13. Bf3 Be7 14. Ne2 c5 15. Rac1 b6 16. Rfd1 Qe8 17. Ng3 Qb5 18.
Be2 Qe8 19. a3 Nc6 20. Bf3 Na5 21. Bxa5 bxa5 22. Qc2 cxd4 23. Rxd4 Qb5 24. Rd2 Rfd8 25. Rcd1 Rxd2 26. Rxd2 h6 27. Be2 Qb3 28. Qxb3 Rxb3 29. Bxa6 g6 30. a4 Nd5 31. Bc4 Rb4 32. Bxd5 exd5 33.
Rxd5 Rxa4 34. Rd7 Bf6 35. Rb7 Ra1+ 36. Kg2 Rb1 37. b3 a4 38. Ne4 Bg7 39. Rb8+ Kh7 40. h4 a3 41. Ra8 Rxb3 42. Nd2 Rb2 43. Nc4 Rc2 44. Nxa3 Ra2 45. Ra7 Bb2 46. Nb5 Rxa7 47. Nxa7 Bf6 48. Nc6 Bxh4 49. Kf3 Kg7 50. Ne5 Bf6 51.
Nc4 Kf8 52. Ke4 h5 53. f5 Ke7 54. fxg6 fxg6 55. Kf4 Kf7 56. Nd2 Kg7 57. Ne4 Be7 58.
f3 Bh4 59. Nd2 Be7 60. e4 Kf6 61. e5+ Ke6 62. Ke4 g5 63. Nb3 h4 64. Nd4+ Kf7 65. Ne2 Ke6 66. Nd4+ Kf7 67. Kf5 Bd8 68. e6+ Kf8 69.
Kg4 Bf6 70. Nf5 Ke8 71. f4 gxf4 72. Kxf4 h3 73. Kg3 Be5+ 74. Kxh3 Bf6 75. Kg4 Be5 76. Kg5 Bb2 77. Kf4 Ba1 78. Ke4 Bf6 79. Kd5 Bg5 80. Kd6 Bf4+ 81. Kd5 Bh2 82. Nh4 Bf4 83. Ke4 Bh2 84. Kf5 Ke7 85. Nf3 Bg3 86. Ng5 Be1 87. Ne4 Bb4 88. Nf2 Ba3 89. Nd3 Bd6 90. Nf2 Bc5 91. Ne4 Ba3 92. Nf6 Bb2 93. Nd5+ Ke8 94. Ke4 Ba1 95. Kd3 Bb2 96. Kc4 Bg7 97.
Kc5 Bb2 98. Kd6 Ba3+ 99. Ke5 Bb2+ 100. Kd6 Ba3+ 101. Kc6 Bb2 102. Kc5 Ba3+ 103. Kc4 Bb2 104. Kd3 Ba3 105. Ke4 Bb2 106. Kf4 Ba1 107. Kf5 Bb2 108. Nc7+ Ke7 109. Nd5+ Ke8 1/2-1/2

[Event "Late-Titled-Tuesday-Blitz-December-26-2023"]
[Site "Chess.com"]
[Date "2023.12.26"]
[Round "2"]
[White "Javylavilla"]
[Black "CuteSheepCloud"]
[Result "0-1"]
[WhiteElo "2357"]
[BlackElo "2644"]
[TimeControl "180+1"]
[EndTime "14:12:05 PST"]
[Termination "CuteSheepCloud won by resignation"]

1. e4 e5 2. Nf3 Nc6 3. Bb5 Nf6 4. d3 Bc5 5. Nc3 O-O 6. Bg5 h6 7. Bh4 d6 8. Nd5 g5 9. Nxg5 Nxd5 10. exd5 hxg5 11. dxc6 gxh4 12. Qg4+ Kh7 13. Qh5+ Kg7 14. Qg4+ Bxg4 0-1

[Event "Late-Titled-Tuesday-Blitz-December-26-2023"]
[Site "Chess.com"]
[Date "2023.12.26"]
[Round "2"]
[White "UK_23"]
[Black "IgorBjelobrk"]
[Result "0-1"]
[WhiteElo "2362"]
[BlackElo "2672"]
[TimeControl "180+1"]
[EndTime "14:13:14 PST"]
[Termination "IgorBjelobrk won by resignation"]

1. e4 e6 2. d4 d5 3. e5 c5 4. c3 Nc6 5. Nf3 Qb6 6. Be2 cxd4 7. cxd4 Nge7 8. Bd3 Bd7 9. Bc2 Nb4 10. O-O Rc8 11. Nc3 Nxc2 12. Qxc2 Nf5 13. Rd1 Be7 14. Qd3 O-O 15. Rb1 Rc4 16. Bg5 Bxg5 17. Nxg5 Rxd4 18. Qg3 Nxg3 0-1

[Event "Late-Titled-Tuesday-Blitz-December-26-2023"]
[Site "Chess.com"]
[Date "2023.12.26"]
[Round "2"]
[White "Anar_Aliakbarov"]
[Black "IngOscarArdila"]
[Result "1-0"]
[WhiteElo "2541"]
[BlackElo "2328"]
[TimeControl "180+1"]
[EndTime "14:13:28 PST"]
[Termination "Anar_Aliakbarov won by resignation"]

1. d4 Nf6 2. c4 e6 3. g3 Be7 4. Bg2 O-O 5. Nf3 d6 6. O-O Nbd7 7. Bf4 Re8 8. Nc3 Nf8 9. e4 Ng6 10. Bg5 h6 11. Be3 c6 12. h3 Qc7 13. b4 a5 14. a3 e5 15. d5 cxd5 16. Nxd5 Qxc4 17. Nb6 Qa6 18. b5 Qxb5 19. Nxa8 Be6 20. Nc7 Qd7 21. Nxe8 Qxe8 22. Qc2 a4 23. Rfc1 Bb3 24. Qc8 Qxc8 25. Rxc8+ Kh7 26. Rc7 Bd8 27. Rxb7 Nf4 28. gxf4 1-0

[Event "Late-Titled-Tuesday-Blitz-December-26-2023"]
[Site "Chess.com"]
[Date "2023.12.26"]
[Round "2"]
[White "Dedic8"]
[Black "INLOVEWITHF"]
[Result "1-0"]
[WhiteElo "2838"]
[BlackElo "2544"]
[TimeControl "180+1"]
[EndTime "14:13:36 PST"]
[Termination "Dedic8 won by resignation"]

1. d4 Nf6 2. c4 e6 3. Nc3 d5 4.
cxd5 exd5 5. Bg5 Bb4 6. e3 h6 7. Bh4 g5 8. Bg3 Ne4 9. Ne2 h5 10. h3 Nxg3 11. Nxg3 h4 12. Nh5 Kf8 13. Bd3 c6 14.
O-O f5 15. f4 g4 16. hxg4 fxg4 17. Bg6 Rh6 18. f5 Qg5 19. Rf4 Rxh5 20. Bxh5 Qxh5 21.
Rxg4 Bxf5 22. Rg8+ Kxg8 23. Qxh5 1-0

[Event "Late-Titled-Tuesday-Blitz-December-26-2023"]
[Site "Chess.com"]
[Date "2023.12.26"]
[Round "2"]
[White "h4parah5"]
[Black "Nathan_Filgueiras"]
[Result "1-0"]
[WhiteElo "2919"]
[BlackElo "2578"]
[TimeControl "180+1"]
[EndTime "14:13:49 PST"]
[Termination "h4parah5 won by resignation"]

1. Nf3 Nf6 2. b3 b6 3. g3 Bb7 4. Bg2 e6 5. Bb2 Be7 6. O-O O-O 7. c4 c5 8. Nc3 d5 9. e3 Nbd7 10. Qe2 a6 11. cxd5 exd5 12. d4 Rc8 13. dxc5 bxc5 14.
Rfd1 Qc7 15. Nh4 g6 16. Nxd5 Nxd5 17. Bxd5 Bxh4 18. gxh4 Bxd5 19. Rxd5 Nb6 20. Rdd1 c4 21. Rac1 Qe7 22. Qg4 cxb3 23. Qd4 1-0

[Event "Late-Titled-Tuesday-Blitz-December-26-2023"]
[Site "Chess.com"]
[Date "2023.12.26"]
[Round "2"]
[White "MITerryble"]
[Black "lukazz029"]
[Result "1-0"]
[WhiteElo "3028"]
[BlackElo "1987"]
[TimeControl "180+1"]
[EndTime "14:13:51 PST"]
[Termination "MITerryble won by resignation"]

1. e4 c5 2. Nf3 d6 3. Bb5+ Nd7 4. d4 cxd4 5. Qxd4 a6 6. Bxd7+ Bxd7 7. Bg5 Qc7 8. Nc3 e6 9. O-O-O b5 10. Bf4 e5 11. Nxe5 dxe5 12. Bxe5 Qb7 13. Bxg7 Ne7 14. Bxh8 Nc6 15. Qf6 Be7 16. Qf4 Be6 17. Bf6 Bc5 18. Qg5 Bf8 19. Nd5 1-0

[Event "Late-Titled-Tuesday-Blitz-December-26-2023"]
[Site "Chess.com"]
[Date "2023.12.26"]
[Round "2"]
[White "Eternauta2400"]
[Black "VitorBronson"]
[Result "1-0"]
[WhiteElo "2819"]
[BlackElo "2537"]
[TimeControl "180+1"]
[EndTime "14:13:58 PST"]
[Termination "Eternauta2400 won by resignation"]

1. c4 c6 2. d4 d5 3. cxd5 cxd5 4.
Bf4 Nf6 5. e3 Nc6 6. Nc3 a6 7.
Be2 Bf5 8. Nf3 e6 9. Qb3 Qd7 10. O-O Bd6 11. Bxd6 Qxd6 12. Qxb7 O-O 13. Qb3 Rfb8 14.
Qa3 Qxa3 15. bxa3 Rb2 16. Rfc1 Na5 17. Ne5 h5 18. Bf1 h4 19. Na4 Rd2 20. Nc5 Ne4 21. Nxe4 Bxe4 22. Rc5 Nb7 23. Rc7 Nd8 24. Rac1 f6 25.
Nd7 Rxa2 26. Rc8 Rxc8 27. Rxc8 Ra1 28. Rxd8+ Kf7 29. Nc5 Bc2 30. Rd7+ Kg6 31. Nxe6 Bd3 32. Nf4+ 1-0

[Event "Late-Titled-Tuesday-Blitz-December-26-2023"]
[Site "Chess.com"]
[Date "2023.12.26"]
[Round "2"]
[White "giomar27"]
[Black "jefferyx"]
[Result "0-1"]
[WhiteElo "2401"]
[BlackElo "3014"]
[TimeControl "180+1"]
[EndTime "14:14:04 PST"]
[Termination "jefferyx won by resignation"]

1. e4 g6 2. d4 Bg7 3. Nc3 a6 4. h4 h6 5. h5 g5 6. f4 gxf4 7.
Bxf4 d6 8. Nf3 Bg4 9. Qd2 Nc6 10. Be3 Nf6 11. Bd3 Nxh5 12. O-O-O Qd7 13. Ne2 e5 14.
c3 O-O-O 15. Rdf1 Rdf8 16. d5 Ne7 17. Nh4 Bxe2 18. Bxe2 Ng3 19. Qd1 Nxe4 20. Bg4 f5 21.
Qf3 Ng5 22. Bxg5 fxg4 0-1

[Event "Late-Titled-Tuesday-Blitz-December-26-2023"]
[Site "Chess.com"]
[Date "2023.12.26"]
[Round "2"]
[White "inagreV"]
[Black "lefonghua"]
[Result "0-1"]
[WhiteElo "2412"]
[BlackElo "2686"]
[TimeControl "180+1"]
[EndTime "14:14:24 PST"]
[Termination "lefonghua won by resignation"]

1. e4 c5 2. Nf3 g6 3. c3 Nc6 4. d4 d5 5. exd5 Qxd5 6. Be3 Bg7 7. dxc5 Qxd1+ 8. Kxd1 Nf6 9. Nbd2 O-O 10.
Bb5 Bd7 11. Ke2 a6 12. Ba4 Nd5 13. Bxc6 Bxc6 14. Bd4 e5 15. Be3 f5 16. Nb3 Bb5+ 17.
Ke1 f4 18. Bc1 e4 19. Nfd2 e3 20. Nf3 Nxc3 21. bxc3 Bxc3+ 22. Kd1 exf2 23. Nfd2 Bxa1 24. Nxa1 Rad8 0-1

[Event "Late-Titled-Tuesday-Blitz-December-26-2023"]
[Site "Chess.com"]
[Date "2023.12.26"]
[Round "2"]
[White "Zadar321"]
[Black "dmarcolino"]
[Result "0-1"]
[WhiteElo "2404"]
[BlackElo "2131"]
[TimeControl "180+1"]
[EndTime "14:14:34 PST"]
[Termination "dmarcolino won by resignation"]

1. e4 c6 2. d4 d5 3. f3 e6 4. Nc3 Bb4 5. Bd2 Nd7 6. Bd3 Ne7 7. a3 Ba5 8. f4 dxe4 9. Nxe4 Bxd2+ 10. Qxd2 Nf5 11. Nf3 Nf6 12. Nxf6+ Qxf6 13. c3 b6 14. O-O Bb7 15. Ne5 Rd8 16. g4 Nh4 17. Qf2 Ng6 18. Rae1 O-O 19. g5 Qe7 20. h4 c5 21. h5 Nxe5 22. fxe5 Qxg5+ 23. Kh2 Qxh5+ 24. Kg1 Qg4+ 25. Kh2 cxd4 26. Rg1 Qh5+ 27. Kg3 dxc3 28. Re3 Rd4 29. Qe2 Qg5+ 30. Kf2 Rf4+ 31. Rf3 Rxf3+ 32. Qxf3 Qxg1+ 0-1

[Event "Late-Titled-Tuesday-Blitz-December-26-2023"]
[Site "Chess.com"]
[Date "2023.12.26"]
[Round "2"]
[White "SlipperySpeedster"]
[Black "Msb2"]
[Result "0-1"]
[WhiteElo "2618"]
[BlackElo "3003"]
[TimeControl "180+1"]
[EndTime "14:14:36 PST"]
[Termination "Msb2 won by resignation"]

1. Nf3 d5 2. g3 e6 3. c4 Nf6 4.
b3 Bd6 5. Bb2 O-O 6. Bg2 Nc6 7.
O-O d4 8. Nxd4 Nxd4 9. Bxd4 Bxg3 10. hxg3 Qxd4 11. Na3 c6 12. Nc2 Qe5 13. d4 Qh5 14.
e4 Ng4 15. Re1 e5 16. f3 Qh2+ 17. Kf1 f5 18. dxe5 Qxg3 19. fxg4 fxg4+ 20. Kg1 Qf2+ 21. Kh1 Qh4+ 22. Kg1 g3 0-1

[Event "Late-Titled-Tuesday-Blitz-December-26-2023"]
[Site "Chess.com"]
[Date "2023.12.26"]
[Round "2"]
[White "Veleamater"]
[Black "mightysmasher"]
[Result "0-1"]
[WhiteElo "2349"]
[BlackElo "2586"]
[TimeControl "180+1"]
[EndTime "14:14:41 PST"]
[Termination "mightysmasher won by resignation"]

1. g3 d5 2. Bg2 Nf6 3. d3 e6 4. h3 Bd6 5. Nf3 O-O 6. O-O b6 7. Nc3 Bb7 8. e4 dxe4 9. Ng5 Nbd7 10. Ngxe4 Nxe4 11. dxe4 Nc5 12. Qe2 Be5 13. Rd1 Qe7 14.
f4 Bxc3 15. bxc3 Rad8 16. Bd2 h6 17. Bf3 Ba6 18. Qf2 Bb7 19. Qe3 Rd7 20. Rf1 Nxe4 21.
Be1 Nd6 22. Bxb7 Nxb7 23. g4 Nd6 24. Bg3 Re8 25. Rae1 Qf8 26. Rf2 f5 27. Rfe2 Ne4 28.
Bh2 Red8 29. g5 hxg5 30. fxg5 Rd1 31. Be5 Qf7 32. Kg2 Rxe1 33. Rxe1 Qh5 34. Bf4 Rd2+ 35. Kg1 Rxc2 36. Bxc7 Rxc3 37. Qf4 Rg3+ 0-1